 Dungeon Crawl Stone Soup version 0.29.1-2-gbd0b4ee654 (webtiles) character file.

Game seed: 14278284736035573403

33 Descartes the Ducker (level 3, -2/17 HPs)
             Began as a Felid Wanderer on Oct 27, 2022.
             Slain by a black bear (9 damage)
             ... on level 2 of the Dungeon.
             The game lasted 00:02:22 (1139 turns).

Descartes the Ducker (Felid Wanderer)               Turns: 1139, Time: 00:02:22

Health: -2/17      AC:  1    Str: 15    XL:     3   Next: 12%
Magic:  5/5        EV: 18    Int: 11    God:
Gold:   78         SH:  0    Dex: 12    Spells: 4/4 levels left
                                        Lives:  0   Deaths: 0

rFire   . . .      SeeInvis +     - Unarmed
rCold   . . .      Faith    .   (shield unavailable)
rNeg    . . .      Spirit   .   (body armour unavailable)
rPois   .          Reflect  .   (helmet unavailable)
rElec   .          Harm     .   (cloak unavailable)
rCorr   .          Rampage  .   (gloves unavailable)
Will    .....                   (boots unavailable)
Stlth   ++........              (no amulet)
HPRegen 0.05/turn               (no ring)
MPRegen 0.09/turn               (no ring)

@: quick
A: very small, claws 1, fangs 3, see invisible, speed 1, shaggy fur 1, stealthy
paws, no weapons or thrown items, no armour, multi-lived
a: no special abilities


You were on level 2 of the Dungeon.
You visited 1 branch of the dungeon, and saw 2 of its levels.

You collected 78 gold pieces.

Inventory:

Scrolls
 a - a scroll of fear
 b - a scroll of blinking
 c - 3 scrolls of teleportation
 d - a scroll of silence
 g - a scroll of summoning {unknown}
Potions
 e - a potion of brilliance {unknown}
 f - a potion of magic {unknown}


   Skills:
 - Level 3.0 Fighting
 + Level 4.6 Dodging
 + Level 2.2 Stealth
 + Level 2.6 Unarmed Combat
 - Level 1.0 Spellcasting
 - Level 1.1 Evocations


You had 4 spell levels left.
You didn't know any spells.
Your spell library contained the following spells:

 Spells                   Type           Power      Damage    Failure   Level
 Summon Small Mammal      Summ           0%         N/A       32%         1
 Call Canine Familiar     Summ           0%         N/A       67%         3
 Summon Guardian Golem    Hex/Summ       0%         N/A       67%         3


Dungeon Overview and Level Annotations

Branches:
Dungeon (2/15)

Altars:


Innate Abilities, Weirdness & Mutations

You have sharp claws.
You have razor-sharp teeth.
You have supernaturally acute eyesight. (SInv)
You cover ground quickly. (Speed+)
You are covered in fur. (AC +1)
Your paws help you pounce on unaware monsters.
You are incapable of wielding weapons or throwing items.
You cannot wear armour.
You gain extra lives every three experience levels.


Message History

The worm is severely wounded.
The worm closely misses you.
You claw the worm!
You kill the worm!
No target in view!
Found a stone staircase leading down.
A black bear comes into view.
The black bear growls angrily.
You scratch the black bear.
The black bear is lightly wounded.
The black bear closely misses you. The black bear claws you.
The black bear misses you.
You scratch the black bear but do no damage.
The black bear is lightly wounded.
The black bear misses you. The black bear claws you. The black bear misses you.
You barely miss the black bear.
The black bear is lightly wounded.
The black bear closely misses you. The black bear claws you.
The black bear barely misses you.
You scratch the black bear.
The black bear is moderately wounded.
The black bear bites you. The black bear barely misses you.
The black bear misses you.
You scratch the black bear. Your bite misses the black bear.
The black bear is heavily wounded.
The black bear misses you. The black bear claws you. The black bear misses you.
You barely miss the black bear.
The black bear is heavily wounded.
The black bear misses you. The black bear claws you. The black bear misses you.
You scratch the black bear but do no damage.
The black bear is heavily wounded.
You closely miss the black bear.
The black bear is heavily wounded.
The black bear misses you. The black bear closely misses you.
The black bear misses you.
You scratch the black bear.
The black bear is severely wounded.
The black bear bites you!
Ouch! That really hurt!
You die...

.. ###....##.######
.. ........#......#
. ##...#########.#
. #........####.#
....#####....#.#
#...#####..#.#.#
..........#...#
.#.###...#########.
#.....@h......
#..########### #..#
..>.# ######


You could see a black bear.

Vanquished Creatures
  A worm (D:2)
  4 endoplasms (D:1)
  5 giant cockroaches (D:1)
  A goblin (D:1)
  2 hobgoblins (D:1)
  3 jackals (D:1)
  2 quokkas
  A ball python (D:1)
  2 bats (D:1)
  A kobold (D:1)
  5 rats (D:1)
27 creatures vanquished.

Notes
Turn   | Place    | Note
-------+----------+-------------------------------------------
     0 | D:1      | Descartes the Felid Wanderer began the quest for the Orb.
     0 | D:1      | Descartes set off with the following items: a scroll of
                  | fear, a scroll of blinking, a scroll of teleportation, a
                  | scroll of silence.
     0 | D:1      | Reached XP level 1. HP: 10/10 MP: 3/3
     2 | D:1      | Found a runed translucent door.
   267 | D:1      | Reached skill level 1 in Stealth
   479 | D:1      | Reached XP level 2. HP: 10/14 MP: 4/4
  1081 | D:1      | Reached XP level 3. HP: 17/17 MP: 5/5
  1127 | D:2      | Noticed a black bear
  1139 | D:2      | Slain by a black bear

Illustrated notes

Levels and vault maps discovered:
D:1:      dpeg_arrival_caged_fury, layout_rooms
D:2:      layout_basic, ebering_ecumenical_altar_hall, minmay_shallow_snake_nest

Skill      XL: |  1  2 |
---------------+-------+-----
Stealth        | 1 2 |  2.2
Fighting       | |  3.0
Dodging        | |  4.6
Unarmed Combat | |  2.6
Spellcasting   | |  1.0
Evocations     | |  1.1

Action                   || total
-------------------------++-------
Melee: Unarmed           ||    93
       Bite              ||     7
       Punch             ||     1
Armor: Skin              ||     2
Dodge: Dodged            ||    69
